[Event "FIDE WCCC U10 2018"]
[Site "Santiago de Compostela"]
[Date "2018.11.08"]
[Round "4"]
[White "Li, Shanglin"]
[Black "Vetokhin, Savva"]
[Result "0-1"]
[ECO "B23"]
[WhiteElo "1659"]
[BlackElo "1874"]
[Annotator "NA RC"]
[PlyCount "132"]
[EventDate "2018.11.04"]
[EventType "swiss"]
[EventCountry "ESP"]
[SourceTitle "playchess.com"]
[Source "ChessBase"]
[SourceQuality "1"]
[TimeControl "40/5400+30:1800+30"]

1. e4 c5 2. Ne2 Nc6 3. Nbc3 d6 4. g3 g6 5. d4 cxd4 6. Nxd4 Bg7 7. Nde2 Nf6 8. Bg2 O-O 9. O-O Rb8 10. a4 b6 {[%emt 0:04:27] B70: Sicilian Dragon: 6 g3 and 6 Be2 (without a later Be3)} (10... a6 11. h3 b5 12. axb5 axb5 13. Nd5 Nd7 14. Rb1 b4 15. Bg5 h6 16. Be3 e6 17. Ndf4 Nde5 18. b3 Ba6 19. Qd2 Kh7 20. Rfd1 Qc8 21. Nd4 Nxd4 22. Bxd4 {1-0 (55) Mchedlishvili,M (2603)-Demchenko,A (2660) Riadh 2017}) 11. h3 Bb7 {[%emt 0:02:22] LiveBook: 12 Games} 12. Be3 Rc8 13. Qc1 $146 ({Predecessor:} 13. Nd5 Nd7 14. Rb1 e6 15. Ndc3 {½-½ (33) Czajkowski,A (2204)-Barreto Bastidas,J (2015) Ohrid 2017}) 13... Nb4 14. Qd2 Nd7 15. Rac1 a6 16. Bd4 e5 17. Be3 Nc5 18. Rfd1 Rc6 19. b3 ({Better is} 19. Nb5 $16) 19... Qe7 20. h4 h5 21. Bg5 Bf6 22. Bh6 Rd8 23. Be3 Rcc8 24. Qe1 Bc6 25. Nd5 Nxd5 26. exd5 Bd7 27. Nc3 a5 28. Ne4 Nxe4 29. Bxe4 Rb8 30. Bg2 Rdc8 31. Qf1 Bg7 32. Qd3 Bf5 33. Qd2 Qd7 34. Kh2 (34. c4 $14) 34... b5 35. Qxa5 bxa4 36. bxa4 Bxc2 37. Rd2 Qxa4 38. Qxa4 Bxa4 39. Rxc8+ Rxc8 40. Ra2 Bd7 41. Ra6 Bf8 42. Ra7 Bf5 43. Ra6 f6 44. Ra7 Re8 45. Bb6 Be7 ({Besser ist} 45... Bd3 $17) 46. Bc7 Bd3 47. Ra3 e4 48. Rb3 (48. f3 $17 {was worth a try.}) 48... Rc8 49. Rb7 f5 50. Bb6 Kf8 51. Ra7 Bc4 52. Be3 Bxd5 53. Bf1 Bc6 54. Ba6 Ra8 55. Kg1 Rxa7 56. Bxa7 Kf7 57. Bc8 d5 $19 58. Kf1 Bf6 59. Ke2 d4 60. Kd2 Be5 61. Ba6 Ke6 62. Bc4+ Bd5 63. Bb5 f4 64. Be8 e3+ 65. fxe3 fxe3+ 66. Ke2 Bc4+ 0-1

[Event "FIDE WCCC U10 2018"]
[Site "Santiago de Compostela"]
[Date "2018.11.08"]
[Round "4"]
[White "Li Yihao"]
[Black "Kolesov, Gordey"]
[Result "1-0"]
[ECO "C54"]
[WhiteElo "1601"]
[BlackElo "1823"]
[Annotator "NA"]
[PlyCount "75"]
[EventDate "2018.11.04"]
[EventType "swiss"]
[EventCountry "ESP"]
[SourceTitle "playchess.com"]
[Source "ChessBase"]
[SourceQuality "1"]
[TimeControl "40/5400+30:1800+30"]

1. e4 e5 2. Nf3 Nc6 3. d4 exd4 4. Bc4 Bc5 5. c3 Nf6 6. e5 d5 7. Be2 {[%emt 0:00:16] C54: Italienische Partie (Hauptvariante)} (7. Bb5 Ne4 8. cxd4 Bb6 9. Nc3 O-O 10. Be3 Bg4 11. h3 Bh5 12. Qc2 Bg6 13. Qb3 Ne7 14. O-O c6 15. Bd3 Kh8 16. Nh4 c5 17. Nxg6+ fxg6 18. Bxe4 cxd4 19. Nxd5 Nxd5 {1-0 (51) Jones,G (2677)-Aronian,L (2780) Douglas 2018}) 7... Ne4 8. cxd4 Bb6 9. O-O Bg4 {[%emt 0:02:46] LiveBook: 4 Games} 10. Be3 O-O 11. Nc3 Qd7 12. Na4 Ba5 $146 ({Vorgänger:} 12... f6 13. exf6 Nxf6 14. h3 Bh5 15. Nxb6 axb6 {1-0 (63) Kun,G (2343)-Matrahalmi,T (2308) Hungary 2014}) 13. a3 Qe6 14. Nc5 Qc8 15. Nxe4 (15. h3 $16 Bf5 16. Qb3) 15... dxe4 16. Ng5 Bf5 {[%emt 0:01:30] [#]} (16... Bxe2 $11 {remains equal.} 17. Qxe2 Qf5) 17. f3 ({White should try} 17. g4 $1 $16 Bg6 18. e6) 17... Bb6 18. fxe4 Bg6 19. Nf3 Bxe4 20. Bd3 Bxf3 21. Qxf3 g6 (21... Qe6 $1 $11) 22. Bc4 Qd7 (22... Qf5 $1 $14) 23. Rad1 Nxd4 $2 (23... Bxd4 {was called for.} 24. Kh1 Nxe5) 24. Qe4 Rad8 25. e6 $1 fxe6 {[%emt 0:01:05] [#]} 26. Rxd4 $1 Qxd4 (26... Rxf1+ $142 27. Kxf1 Qf7+ 28. Ke2 Re8) 27. Qxe6+ Kh8 28. Rxf8+ Rxf8 29. Bxd4+ Bxd4+ 30. Kh1 Bf6 31. g4 b6 32. Qd7 Be5 33. b4 Bd6 34. Kg2 $18 Rf6 35. h4 Rf8 36. h5 Rf6 37. h6 Bf8 38. Qd5 1-0

[Event "FIDE WCCC U10 2018"]
[Site "Santiago de Compostela"]
[Date "2018.11.08"]
[Round "4"]
[White "Ivanov, Svetlen"]
[Black "Ngo, Bach"]
[Result "1/2-1/2"]
[ECO "A07"]
[WhiteElo "1597"]
[BlackElo "1810"]
[Annotator "NA RC"]
[PlyCount "158"]
[EventDate "2018.11.04"]
[EventType "swiss"]
[EventCountry "ESP"]
[SourceTitle "playchess.com"]
[Source "ChessBase"]
[SourceQuality "1"]
[TimeControl "40/5400+30:1800+30"]

1. Nf3 Nf6 2. g3 d5 3. Bg2 c6 4. O-O Bg4 5. d4 e6 6. Ne5 Bf5 7. c4 Nbd7 8. Nc3 Be7 9. Bf4 {[%emt 0:02:02] D11: Slav Defence: 3 Nf3 sidelines and 3...Nf6 4 e3 Bg4} (9. Qb3 Qb6 10. Nxd7 Nxd7 11. e4 dxe4 12. Nxe4 Nf6 13. Nc5 Bxc5 14. dxc5 Qxb3 15. axb3 Be4 16. Bf4 Bxg2 17. Kxg2 {½-½ (63) Vastrukhin,O (2413)-Lysyj,I (2631) Sochi 2018}) 9... O-O 10. Rc1 Nb6 $146 ({Predecessor:} 10... h6 11. h3 g5 12. Nxd7 Qxd7 13. Be5 Ne8 14. e4 dxe4 15. g4 Bg6 16. d5 exd5 17. cxd5 Rd8 {1-0 (17) Goczo,M (2080)-Javakhishvili,L (2110) Tallinn 1997}) 11. cxd5 exd5 12. Qb3 Bd6 13. Rfd1 Qe7 14. a4 Nh5 15. a5 Nxf4 16. gxf4 Bxe5 (16... Nc8 $11) 17. fxe5 (17. dxe5 $16 Nc4 18. e4) 17... Nc4 ({Black should play} 17... Nc8 $1 $14) 18. e4 Bg4 19. f3 (19. exd5 $16 Nxa5 20. Qa4) 19... Be6 20. exd5 cxd5 21. Ra1 (21. f4 $14 {was forced to keep a grip.}) 21... Qh4 22. Ne2 Rac8 23. Rd3 Bf5 24. Rc3 {[%emt 0:00:39] [#]} Qg5 (24... Rc6 $1 $17 25. f4 Rh6) 25. Ng3 Nd2 26. Qd1 Rxc3 27. bxc3 Qe3+ 28. Kh1 Bg6 29. Ra2 ({Better is} 29. Qe1 $1 $11 Qd3 30. f4) 29... Nb1 30. Re2 Qf4 31. Qe1 Rc8 32. Re3 Na3 33. Re2 Nc2 34. Qd2 Qxd2 35. Rxd2 Rxc3 36. f4 Ne3 37. Rf2 Rc1+ 38. Nf1 Bd3 39. Kg1 Nxf1 40. Bxf1 Bxf1 41. Rxf1 Rxf1+ 42. Kxf1 g6 43. Ke2 Kf8 44. Kd3 Ke7 45. Kc3 Kd7 46. Kb4 Kc6 47. Ka4 a6 48. Kb4 b5 49. Kc3 Kd7 50. Kb4 Ke6 51. Kc5 h6 52. h3 g5 53. f5+ Kxf5 54. Kxd5 h5 55. Kc6 g4 56. hxg4+ Kxg4 $2 (56... hxg4 $19 57. d5 b4) 57. d5 h4 58. d6 h3 59. d7 h2 60. d8=Q h1=Q+ 61. Kb6 Qf1 62. Qd4+ Kf5 63. Qd5 $2 (63. Kxa6 $14 Qc4 64. Qd7+ Kf4 65. Qxb5 Qc8+ 66. Qb7 Qc4+ 67. Ka7) 63... Qc4 64. Qf3+ Kxe5 65. Qe3+ Kd5 66. Qg5+ Kd4 67. Qf4+ $1 Kc3 68. Qc1+ {[%emt 0:00:24] [#]} (68. Qe3+ $11 Kc2 69. Kxa6) 68... Kb3 (68... Kd3 $1 $17 69. Qb1+ Ke3 70. Qg1+ Kd3 71. Qd1+ Ke3 72. Qe1+ Kf3 73. Qd1+ Ke3 74. Qg1+ Kd3 75. Qg3+ Kc2 76. Kxa6 b4+ 77. Kb6 Qd4+ 78. Kb5 b3 79. Qg2+ Kc3 80. Qc6+ Kd3 81. Qf3+ Qe3 82. Qd5+ Kc2 83. Qc4+ Kd1) 69. Qb1+ $1 Ka3 70. Qa1+ Qa2 71. Qc3+ Ka4 72. Kxa6 $2 (72. Qd4+ $11 {and White has nothing to worry.} b4 73. Qd1+ Ka3 74. Kxa6 Qc4+ 75. Kb6) 72... b4 73. Qc6+ Ka3 74. Qc5 Qe6+ 75. Kb7 Qd7+ 76. Kb6 Qe6+ 77. Kb7 Qe4+ $11 78. Kb6 Ka2 79. a6 Qe6+ 1/2-1/2

[Event "FIDE WCCC U10 2018"]
[Site "Santiago de Compostela"]
[Date "2018.11.08"]
[Round "4"]
[White "Lomtadze, Davit"]
[Black "Bialiauski, Artsiom"]
[Result "1/2-1/2"]
[ECO "C41"]
[WhiteElo "1595"]
[BlackElo "1791"]
[Annotator "NA RC"]
[PlyCount "102"]
[EventDate "2018.11.04"]
[EventType "swiss"]
[EventCountry "ESP"]
[SourceTitle "playchess.com"]
[Source "ChessBase"]
[SourceQuality "1"]
[TimeControl "40/5400+30:1800+30"]

1. e4 e5 2. Nf3 d6 3. d4 exd4 4. Nxd4 Nf6 5. Nc3 Be7 6. Bc4 O-O 7. O-O Re8 8. f3 a6 9. a4 c5 10. Nde2 Nc6 11. Be3 Be6 12. Bd5 Qc7 13. Nf4 Bf8 14. Qd2 Rad8 15. Rad1 g6 16. Qf2 Bg7 17. Rd2 Ne5 18. Rfd1 g5 19. Nxe6 fxe6 20. Ba2 h6 21. h4 Nf7 22. hxg5 hxg5 23. Qg3 c4 24. Qf2 Qc6 25. Bd4 Rf8 26. Qe2 b5 27. axb5 axb5 28. Be3 Nd7 29. Nxb5 Qxb5 30. Bxc4 Qxb2 31. Bxe6 Nf6 32. Bxg5 Qe5 33. Bxf6 Bxf6 34. Bxf7+ Rxf7 35. Rd5 Qe6 36. e5 Rfd7 37. f4 dxe5 38. Rxd7 Rxd7 39. Rxd7 Qxd7 40. fxe5 Qd4+ 41. Kf1 Bxe5 42. Qd3 Qf4+ 43. Ke2 Bd4 44. Qf3 Qe5+ 45. Kd3 Bc5 46. Qa8+ Kf7 47. Qb7+ Kf6 48. Qc6+ Kg5 49. Qe4 Qc7 50. Qd5+ Kg4 51. Qf3+ Kg5 1/2-1/2

[Event "FIDE WCCC U10 2018"]
[Site "Santiago de Compostela"]
[Date "2018.11.08"]
[Round "4"]
[White "Tripulskiy, Mark"]
[Black "Todev, Simeon"]
[Result "1/2-1/2"]
[ECO "A02"]
[WhiteElo "1151"]
[BlackElo "1767"]
[Annotator "NA RC"]
[PlyCount "117"]
[EventDate "2018.11.04"]
[EventType "swiss"]
[EventCountry "ESP"]
[SourceTitle "playchess.com"]
[Source "ChessBase"]
[SourceQuality "1"]
[TimeControl "40/5400+30:1800+30"]

1. f4 e5 2. fxe5 d6 3. exd6 Bxd6 4. Nf3 g5 5. g3 h5 6. d4 g4 7. Nh4 Be7 8. Qd3 Nc6 9. c3 Bxh4 10. gxh4 Qxh4+ 11. Qg3 Qxg3+ 12. hxg3 Nf6 13. Bg2 Ne7 14. Bg5 Nd7 15. e4 f6 16. Be3 Ng6 17. Nd2 Nb6 18. O-O-O Bd7 19. Rdf1 Ke7 20. e5 f5 21. Bg5+ Kf7 22. Be4 Ne7 23. Bxe7 Kxe7 24. Bxf5 Raf8 25. Bxd7 Nxd7 26. Nc4 Rxf1+ 27. Rxf1 h4 28. Ne3 hxg3 29. Nf5+ Kf7 30. Nxg3+ Kg6 31. Ne4 Rf8 32. Rxf8 Nxf8 33. Kd2 Kf5 34. Ke3 Nd7 35. Ng3+ Ke6 36. Ke4 Nb6 37. Nf5 c6 38. Ne3 g3 39. Kf3 Na4 40. Nc4 b5 41. Na5 Nxb2 42. Nxc6 Nd1 43. Nxa7 Nxc3 44. Kxg3 b4 45. Kf3 Kd5 46. Nc8 Nxa2 47. Nb6+ Kc6 48. e6 Kd6 49. d5 Nc3 50. Nc4+ Ke7 51. Ne3 b3 52. Nf5+ Kd8 53. e7+ Kd7 54. e8=Q+ Kxe8 55. Nd6+ Kd7 56. Nc4 Nxd5 57. Ke4 Kc6 58. Na5+ Kb5 59. Nxb3 1/2-1/2

[Event "FIDE WCCC U10 2018"]
[Site "Santiago de Compostela"]
[Date "2018.11.09"]
[Round "5"]
[White "Materia, Marco"]
[Black "Vetokhin, Savva"]
[Result "1/2-1/2"]
[ECO "C01"]
[WhiteElo "2035"]
[BlackElo "1874"]
[Annotator "NA RC"]
[PlyCount "94"]
[EventDate "2018.11.04"]
[EventType "swiss"]
[EventCountry "ESP"]
[SourceTitle "playchess.com"]
[Source "ChessBase"]
[SourceQuality "1"]
[TimeControl "40/5400+30:1800+30"]

1. e4 e6 2. d4 d5 3. exd5 exd5 4. Nf3 Bd6 5. c4 Nf6 6. Nc3 O-O 7. c5 {[%emt 0:02:35] C01: French: Exchange Variation} (7. cxd5 Nbd7 8. Bg5 h6 9. Bh4 Nb6 10. Ne5 Be7 11. Bd3 Nfxd5 12. Bxe7 Nxe7 13. O-O Bf5 14. Bxf5 Nxf5 15. Qf3 Nd6 {½-½ (43) Nisipeanu,L (2682)-Ragger,M (2666) Graz 2018}) 7... Be7 8. Bf4 c6 9. Bd3 b6 $146 ({Predecessor:} 9... Re8 10. O-O Nbd7 11. b4 Nf8 12. h3 g6 13. Bh2 Nh5 14. Re1 {1-0 (37) Pfreundt,J (2273)-Schueler,H (2119) Bargteheide 2015}) 10. b4 a5 $1 11. a3 Na6 (11... Bg4 $11) 12. Ne5 Bd7 13. Rb1 (13. Na4 $16 bxc5 14. bxc5) 13... b5 14. O-O axb4 15. axb4 Nc7 16. Ra1 Rxa1 17. Qxa1 Nh5 18. Be3 Be8 ({Better is} 18... f6 $14 19. Nxd7 Qxd7) 19. Qb1 g6 20. Qb2 (20. Bh6 $16) 20... f6 21. Nf3 Ne6 22. Ne2 g5 23. Qc2 Rf7 24. Ng3 Nxg3 25. hxg3 Qa8 26. Bf5 Nf8 27. Qb2 ({Better is} 27. Nh2 $16) 27... Bd8 28. Ra1 Ra7 29. Rxa7 Qxa7 30. Kf1 Ng6 31. Bc1 Kf8 32. Qa3 Qxa3 33. Bxa3 Ke7 34. Bc1 h6 35. Ke2 Bc7 36. Kd3 Nf8 37. g4 Ne6 38. Kc3 {[#]} (38. Ng1 $11) 38... h5 ({Lieber} 38... Ng7 $1 $17 39. Bc8 Kd8) 39. gxh5 Bxh5 40. g4 (40. Ne1 $11 {remains equal.}) 40... Be8 41. Ne1 Nf4 42. Bxf4 Bxf4 43. Ng2 Bc7 44. Kd3 Kf7 45. Ke3 Kg7 46. f4 Kh6 $11 47. Kf3 Bb8 1/2-1/2

[Event "FIDE WCCC U10 2018"]
[Site "Santiago de Compostela"]
[Date "2018.11.09"]
[Round "5"]
[White "Mardov, Dimitar"]
[Black "Sosa Costa, Leonardo"]
[Result "1-0"]
[ECO "B70"]
[WhiteElo "1985"]
[BlackElo "1945"]
[Annotator "NA RC"]
[PlyCount "63"]
[EventDate "2018.11.04"]
[EventType "swiss"]
[EventCountry "ESP"]
[SourceTitle "playchess.com"]
[Source "ChessBase"]
[SourceQuality "1"]
[TimeControl "40/5400+30:1800+30"]

1. e4 c5 2. Nf3 d6 3. d4 cxd4 4. Nxd4 Nf6 5. Nc3 g6 6. Be2 Bg7 7. O-O O-O 8. Re1 Nc6 9. Nb3 Be6 10. Bg5 Rc8 11. Bf1 {[%emt 0:04:11] B70: Sicilian Dragon: 6 g3 and 6 Be2 (without a later Be3)} Re8 (11... h6 12. Bf4 d5 13. exd5 Nxd5 14. Nxd5 Bxd5 15. c3 e5 16. Be3 b6 17. Qc1 Qh4 18. f3 Rfd8 {0-1 (52) Andriasian,Z (2585)-Nakamura,H (2781) chess.com INT 2018}) 12. Nd5 Bxd5 {[%emt 0:07:43] LiveBook: 7 Games} 13. exd5 Na5 14. c3 a6 15. Qf3 $146 ({Predecessor:} 15. Nxa5 Qxa5 16. c4 e5 17. a3 h6 18. Be3 {1-0 (34) Zaragatski,I (2436)-Praet,M (2230) Belgium 2006}) 15... Nc4 16. Bxc4 Rxc4 17. Re2 Ra4 18. Nd2 Qa5 19. Bxf6 Bxf6 20. a3 Qc7 21. Rae1 Ra5 22. Qd3 Bg7 {[%emt 0:03:10] [#]} 23. g3 (23. c4 $1 $16) 23... Qd7 24. Ne4 h6 $2 (24... e5 $11 {and Black stays safe.}) 25. c4 b5 26. c5 Rc8 27. b4 Ra4 28. Qb3 a5 29. Nc3 Bxc3 30. Rxe7 Qf5 31. Qxc3 Qxd5 32. Re8+ 1-0

[Event "FIDE WCCC U10 2018"]
[Site "Santiago de Compostela"]
[Date "2018.11.09"]
[Round "5"]
[White "Volkov, Maksim"]
[Black "Atanasov, Anthony"]
[Result "1/2-1/2"]
[ECO "A05"]
[WhiteElo "1971"]
[BlackElo "1916"]
[Annotator "NA RC"]
[PlyCount "144"]
[EventDate "2018.11.04"]
[EventType "swiss"]
[EventCountry "ESP"]
[SourceTitle "playchess.com"]
[Source "ChessBase"]
[SourceQuality "1"]
[TimeControl "40/5400+30:1800+30"]

1. Nf3 Nf6 2. c4 g6 3. b3 Bg7 4. Bb2 O-O 5. g3 c6 6. Bg2 d5 7. O-O Nbd7 8. d4 Ne4 {[%emt 0:02:06] LiveBook: 129 Partien} 9. Na3 {[%emt 0:02:10] D78: Fianchetto Grünfeld: 6 0-0 c6} (9. e3 Ndf6 10. Ne5 Be6 11. Qe2 a5 12. Na3 a4 13. f3 Nd6 14. c5 Nf5 15. b4 Bc8 16. Rad1 e6 17. e4 {1-0 (98) Gelfand,B (2695)-Korobov,A (2678) Poikovsky 2018}) 9... Nd6 $146 ({Predecessor:} 9... Re8 10. Rc1 a6 11. cxd5 cxd5 12. Nc2 Ndf6 13. Ne5 Be6 14. Nb4 Rc8 15. f3 Nd6 16. Rxc8 Qxc8 {1-0 (31) Medina Masdeu,R (2208)-Bigas Hospital,J (2032) Santa Eugenia 2014}) 10. e3 a5 11. Qe2 e6 12. Rfd1 Rb8 13. Rac1 b5 14. cxd5 cxd5 15. Ne5 Bb7 $1 16. Nc6 Bxc6 $1 17. Rxc6 Rb6 18. Rdc1 b4 19. Nb1 Nb5 20. Rxb6 Qxb6 21. Bf1 Nd6 22. Nd2 Ra8 23. Nf3 a4 24. Ne5 Nxe5 25. dxe5 Ne4 26. bxa4 Nc3 (26... Rxa4 $17 27. Rc8+ Bf8) 27. Bxc3 bxc3 28. Rxc3 Bxe5 29. Rb3 Qa5 30. Qf3 Qxa4 31. Rb7 Qe8 32. Bb5 Qf8 33. a4 Rb8 34. Rd7 Rd8 35. Qxf7+ Qxf7 36. Rxd8+ Kg7 37. Rd7 Bc7 38. Kf1 e5 39. Ke2 Qxd7 40. Bxd7 Kf6 41. Kd3 Ke7 42. Bc8 Kd6 43. e4 Bb6 44. f3 Bg1 {[%emt 0:05:13] [#]} 45. h3 $1 Bh2 46. g4 d4 47. a5 Kc7 {[%emt 0:00:03] [#]} 48. Be6 (48. Ba6 $1 $16) 48... Bf4 49. Bg8 h6 50. Bf7 g5 51. Bc4 Kc6 52. a6 Bc1 53. Kc2 Ba3 54. Kb3 Bc5 55. Bd3 Ba7 56. Kc4 Kd6 57. Kb5 Kd7 58. Kb4 Kc6 59. Kc4 Kd6 60. Bf1 Ke6 61. Kb5 Kd6 62. Bc4 Kd7 63. Be2 Kd6 64. Kc4 Bb6 65. Bd1 Ba7 66. Ba4 Bb6 67. Be8 Ba7 68. Kb5 Ke7 69. Bc6 Kd6 70. Bd5 Bc5 71. Bf7 Ba7 72. Bb3 Kd7 $11 1/2-1/2

[Event "FIDE WCCC U10 2018"]
[Site "Santiago de Compostela"]
[Date "2018.11.09"]
[Round "5"]
[White "Zhao, Erick"]
[Black "Li Yihao"]
[Result "0-1"]
[ECO "B21"]
[WhiteElo "1957"]
[BlackElo "1601"]
[Annotator "NA RC"]
[PlyCount "76"]
[EventDate "2018.11.04"]
[EventType "swiss"]
[EventCountry "ESP"]
[SourceTitle "playchess.com"]
[Source "ChessBase"]
[SourceQuality "1"]
[TimeControl "40/5400+30:1800+30"]

1. e4 c5 2. d4 cxd4 3. c3 dxc3 4. Nxc3 Nc6 5. Nf3 d6 6. Bc4 a6 7. O-O Nf6 8. Bf4 {[%emt 0:07:05] B21: Sicilian: 2 f4 and Morra Gambit} Bg4 9. h3 {[%emt 0:05:12] LiveBook: 21 Games} Bh5 (9... Bxf3 10. Qxf3 e6 11. Rfd1 Qb6 12. Be2 Be7 13. Qg3 O-O 14. Bxd6 Bxd6 15. Rxd6 Rfd8 {½-½ (77) Galperin,P (2374)-Vovk,Y (2564) Lvov 2018}) 10. Rc1 (10. g4 $11 Bg6 11. Qe2) 10... e5 $146 ({Predecessor:} 10... Rc8 11. Be2 e6 12. Qb3 Nd7 13. Rfd1 Bxf3 14. Bxf3 Qb6 15. Qc2 Be7 {1-0 (34) Kawagoe,T (1812)-Champion,C (1813) LSS email 2011}) 11. Be3 Be7 12. Qe2 O-O 13. Rfd1 Rc8 14. g4 Bg6 15. Nh4 $1 b5 ({Don't play} 15... Bxe4 $6 16. g5 $16) 16. Nxg6 hxg6 17. Bd5 b4 18. Bxc6 Rxc6 19. Nd5 Rxc1 20. Bxc1 Nxd5 21. Rxd5 Qc7 22. Be3 Qb7 23. Qc4 Rc8 24. Qb3 Rb8 25. f3 Qc6 26. a4 Bd8 27. Kg2 Bb6 28. Bg5 Bd4 29. h4 Rc8 30. Kh3 Qc2 31. Qxc2 Rxc2 32. Rxd6 f6 33. Bxf6 $19 gxf6 34. Rxf6 Kg7 35. Rxa6 Rxb2 36. h5 gxh5 37. gxh5 Rf2 38. Kg4 b3 0-1

[Event "FIDE WCCC U10 2018"]
[Site "Santiago de Compostela"]
[Date "2018.11.09"]
[Round "5"]
[White "Cherniaiev, Tykhon"]
[Black "Pham, Tran Gia Phuc"]
[Result "1-0"]
[ECO "B32"]
[WhiteElo "1940"]
[BlackElo "1736"]
[Annotator "NA RC"]
[PlyCount "101"]
[EventDate "2018.11.04"]
[EventType "swiss"]
[EventCountry "ESP"]
[SourceTitle "playchess.com"]
[Source "ChessBase"]
[SourceQuality "1"]
[TimeControl "40/5400+30:1800+30"]

1. e4 c5 2. Nf3 Nc6 3. d4 cxd4 4. Nxd4 Qb6 5. Nb3 Nf6 6. Bd3 e6 7. O-O Be7 8. Nc3 a6 9. Qe2 {LiveBook: 9 Games B33: Sicilian: Pelikan and Sveshnikov Variations} d6 10. Be3 (10. Kh1 Qc7 11. Bd2 O-O 12. f4 b5 13. a4 b4 14. Nd1 Bb7 15. Nf2 Rfe8 16. Rae1 Bf8 17. Nh3 g6 18. Ng5 Bg7 19. Qf2 Re7 20. Qh4 h6 {½-½ (60) Kokarev,D (2618)-Inarkiev,E (2689) Moscow 2012}) 10... Qc7 11. Rad1 O-O 12. Kh1 $146 ({Predecessor:} 12. f3 b5 13. Qf2 Bb7 14. Rfe1 Rac8 15. Ne2 Nd7 {0-1 (39) Marszk,K (2102)-Marszalek,M (2355) Gdansk 2008}) 12... b5 13. f4 Bb7 14. Bg1 Rac8 15. Rf3 Nb4 16. a3 Nxd3 17. cxd3 e5 18. d4 Qc4 19. Qxc4 bxc4 20. Nd2 exd4 21. Bxd4 d5 22. Bxf6 Bxf6 23. exd5 Bxc3 24. Rxc3 Bxd5 25. Nf1 Be4 (25... Be6 $11) 26. Ne3 Bd3 27. b3 Be2 28. Rdc1 Rfe8 29. Nxc4 Rcd8 30. Re3 Rxe3 31. Nxe3 g6 32. Kg1 Rd2 33. Rc2 Rxc2 34. Nxc2 Bb5 35. Kf2 Kf8 36. Ke3 Ke7 37. Kd4 Kd6 38. Ne3 Bc6 39. g3 f6 40. Nc4+ Kc7 41. Kc5 Bd7 42. Ne3 Kb7 43. Nd5 f5 44. b4 Bc6 45. Kd6 Bb5 46. Nc3 Bc6 47. Ke7 Kc7 48. Kf6 Be8 49. Kg7 h5 50. Nd5+ Kd6 51. Nf6 $18 {Kd5} 1-0

[Event "FIDE WCCC U10 2018"]
[Site "Santiago de Compostela"]
[Date "2018.11.09"]
[Round "5"]
[White "Jin Yueheng"]
[Black "Xiao, Tong"]
[Result "1/2-1/2"]
[ECO "B14"]
[WhiteElo "1914"]
[BlackElo "2022"]
[Annotator "NA RC"]
[PlyCount "87"]
[EventDate "2018.11.04"]
[EventType "swiss"]
[EventCountry "ESP"]
[SourceTitle "playchess.com"]
[Source "ChessBase"]
[SourceQuality "1"]
[TimeControl "40/5400+30:1800+30"]

1. d4 Nf6 2. c4 c5 3. e3 cxd4 4. exd4 d5 5. Nc3 g6 6. Nf3 Bg7 7. h3 O-O 8. cxd5 Nxd5 9. Be2 Nc6 10. O-O Bf5 11. Be3 {[%emt 0:13:39] LiveBook: 15 Games} Qd7 12. Nxd5 Qxd5 13. Qd2 {[%emt 0:01:42] B04: Alekhine's Defence: 4 Nf3} Rad8 $146 ({Predecessor:} 13... Rac8 14. b3 Be4 15. Rfd1 Qa5 16. Qxa5 Nxa5 17. Nd2 Bd5 18. Rac1 Rxc1 19. Rxc1 Nc6 20. Bf3 Bxf3 21. Nxf3 {0-1 (43) Amini,H (1995)-Khusenkhojaev,M (2455) Ashkhabad 2017}) 14. Rfd1 e5 15. dxe5 Qxd2 16. Rxd2 Rxd2 17. Nxd2 Nxe5 18. Bd4 Rd8 19. Bc3 Nc6 20. Nb3 Bxc3 21. bxc3 b6 22. Kf1 Kg7 23. Ke1 h5 24. h4 Kf6 25. Rd1 Rxd1+ 26. Kxd1 Ne5 27. Kd2 Be4 28. g3 Bd5 29. Nc1 Ke6 30. a3 Nc4+ 31. Bxc4 Bxc4 32. Nd3 Bxd3 33. Kxd3 Kd5 34. c4+ Kc5 35. f3 {[%emt 0:06:17] [#]} f6 $2 (35... b5 $1 $19 36. cxb5 Kxb5) 36. g4 f5 37. g5 a6 38. Kc3 b5 39. cxb5 axb5 40. f4 Kc6 41. Kc2 Kc5 42. Kc3 Kc6 43. Kc2 Kc5 44. Kc3 $11 1/2-1/2

[Event "FIDE WCCC U10 2018"]
[Site "Santiago de Compostela"]
[Date "2018.11.09"]
[Round "5"]
[White "Uritsky, Yonathan"]
[Black "Seemann, Jakub"]
[Result "0-1"]
[ECO "B91"]
[WhiteElo "1902"]
[BlackElo "1869"]
[Annotator "NA RC"]
[PlyCount "70"]
[EventDate "2018.11.04"]
[EventType "swiss"]
[EventCountry "ESP"]
[SourceTitle "playchess.com"]
[Source "ChessBase"]
[SourceQuality "1"]
[TimeControl "40/5400+30:1800+30"]

1. e4 c5 2. Nf3 d6 3. d4 cxd4 4. Nxd4 Nf6 5. Nc3 a6 6. g3 e5 7. Nde2 Be7 8. Bg2 O-O 9. O-O {[%emt 0:00:35] B91: Sizilianisch (Najdorf-Variante mit 6.g3)} h6 (9... b5 10. Nd5 Nbd7 11. Nec3 Bb7 12. b3 Rc8 13. Be3 h6 14. Bh3 b4 15. Nxf6+ Nxf6 16. Bxc8 Qxc8 17. Nd5 Nxd5 18. exd5 {½-½ (71) Ragger,M (2686)-Saric,I (2689) Batumi 2018}) 10. a4 Be6 11. h3 Qd7 $146 ({Vorgänger:} 11... Nc6 12. Nd5 Bxd5 13. exd5 Nb8 14. a5 Nbd7 15. c4 Qc7 16. b3 b6 17. axb6 Qxb6 {0-1 (48) Kotter,R (2273)-Rybarczyk,K (2161) Germany 2015}) 12. Kh2 Rd8 13. f4 Qc6 14. b3 d5 {[%emt 0:03:35] [#]} (14... Qc7 $14) 15. exd5 $1 Nxd5 {[%emt 0:07:35] [#]} 16. Qe1 ({And not} 16. fxe5 Nxc3 17. Qxd8+ Bxd8 $15) (16. f5 $142 $1 Nxc3 {[#]} 17. Qxd8+ $1 Bxd8 18. Bxc6 Nxc6 19. Nxc3) 16... f6 17. Bb2 Qc7 {[%emt 0:04:17] [#]} 18. Nxd5 $2 ({White should play} 18. Nd4 $1 $18 Bf7 (18... exd4 19. Qxe6+) 19. fxe5 Nxc3 20. Ne6 (20. Bxc3 Qxe5 21. Nf5 Qxe1 $16) (20. Qxc3 Qxc3 21. Bxc3 fxe5 $16) 20... Bxe6 21. exf6) 18... Bxd5 19. Nc3 (19. Bxd5+ $11 Rxd5 20. c4) 19... Bxg2 20. Kxg2 Nc6 21. Qe4 Rd2+ 22. Rf2 Rad8 23. Qc4+ Kh8 24. Raf1 exf4 25. Qxf4 Qxf4 26. gxf4 Bc5 27. Ne4 Rxf2+ 28. Nxf2 Rd2 29. Kf3 Rxc2 30. Nd3 Bb6 31. Re1 Rd2 32. Re3 Bxe3 33. Kxe3 Rh2 34. Nf2 Nb4 $19 35. Bc1 Rxf2 0-1